 Dungeon Crawl Stone Soup version 0.31-a0-210-gccc998df9b (webtiles) character file.

Game seed: 2325218673811265850

160 qw the Shooter (level 5, -3/45 HPs)
             Began as a Minotaur Hexslinger on June 30, 2023.
             Was an Initiate of Okawaru.
             Slain by a gnoll
             ... wielding a +0 flail
              (4 damage)
             ... on level 4 of the Dungeon.
             The game lasted 00:00:49 (1896 turns).

qw the Shooter (Minotaur Hexslinger)                Turns: 1896, Time: 00:00:49

Health: -3/45      AC:  7    Str: 12    XL:     5   Next: 17%
Magic:  5/5        EV: 11    Int: 10    God:    Okawaru [......]
Gold:   86         SH:  5    Dex: 15    Spells: 5/6 levels left

rFire   . . .        Y - +1 sling
rCold   . . .        (no shield)
rNeg    . . .        i - +0 ring mail
rPois   .            (helmet restricted)
rElec   .            d - +0 cloak
rCorr   .            a - +0 pair of gloves
SInv    .            (no boots)
Will    .....        e - amulet of reflection
Stlth   +            (no ring)
HPRegen 0.27/turn    (no ring)
MPRegen 0.09/turn

%: reflection
@: no status effects
A: horns 2, retaliatory headbutt
a: Renounce Religion


You were on level 4 of the Dungeon.
You worshipped Okawaru.
Okawaru was noncommittal.
You visited 1 branch of the dungeon, and saw 4 of its levels.

You collected 86 gold pieces.


Innate Abilities, Weirdness & Mutations

You have a pair of horns on your head.
You reflexively headbutt those who attack you in melee.


   Skills:
 - Level 3.0 Fighting
 + Level 5.2 Ranged Weapons
 - Level 1.0 Armour
 - Level 2.1 Dodging
 - Level 1.0 Spellcasting
 - Level 2.0 Hexes


You had 5 spell levels left.
You knew the following spells:

 Your Spells              Type           Power      Damage    Failure   Level
a - Slow                  Hex            16%        N/A       34%         1

Your spell library contained the following spells:

 Spells                   Type           Power      Damage    Failure   Level
 Inner Flame              Hex/Fire       2%         N/A       83%         3
 Portal Projectile        Hex/Tloc       4%         N/A       83%         3
 Cause Fear               Hex            2%         N/A       98%         4

Inventory:

Hand Weapons
 Y - a +1 sling (weapon)
Armour
 a - a +0 pair of gloves (worn)
 d - a +0 cloak (worn)
 i - a +0 ring mail (worn)
Jewellery
 e - an amulet of reflection (around neck)
Scrolls
 f - a scroll of identify
 h - a scroll of amnesia {unknown}
Potions
 b - a potion of enlightenment
 c - a potion of cancellation
 g - a potion of brilliance {unknown}
 j - a potion of ambrosia {unknown}

Dungeon Overview and Level Annotations

Branches:
Dungeon (4/15)
 Temple: D:4-7

Altars:
Okawaru
The Shining One


Message History

The gnoll is heavily wounded.
The gnoll hits you from afar with a +0 spear.
The gnoll hits you with a +0 whip. The gnoll misses you.
The gnoll barely misses you.
You shoot a sling bullet. The sling bullet hits the gnoll.
The gnoll is severely wounded.
You block the gnoll's attack. The gnoll hits you but does no damage.
You shoot a sling bullet. The sling bullet hits the gnoll.
The gnoll is severely wounded.
The gnoll hits you with a +0 whip. The gnoll hits you but does no damage.
You shoot a sling bullet. The sling bullet hits the gnoll.
You kill the gnoll!
Okawaru accepts your kill.
The gnoll hits you from afar with a +0 spear.
The gnoll hits you but does no damage. The endoplasm freezes you.
You are frozen.
You shoot a sling bullet. The sling bullet hits the endoplasm.
The endoplasm is severely wounded.
The endoplasm freezes you.
You are frozen.
You block the gnoll's attack.
You shoot a sling bullet. The sling bullet hits the endoplasm.
You kill the endoplasm!
Okawaru accepts your kill.
The gnoll hits you from afar with a +0 spear.
Your Fighting skill increases to level 3!
You shoot a sling bullet.
The sling bullet hits the gnoll but does no damage.
The gnoll hits you from afar with a +0 spear.
The gnoll misses you.
You shoot a sling bullet.
The sling bullet barely misses the gnoll.
The gnoll closely misses you. The gnoll misses you.
You block the gnoll's attack.
The gnoll hits you from afar with a +0 spear.
You shoot a sling bullet.
The sling bullet closely misses the gnoll.
The gnoll hits you from afar with a +0 spear.
The gnoll hits you with a +0 flail.
You die...

#.......#. #.......#.
##########.####.
#...........# #.
#.########..###. ## #.#
#...... .. #.#
######.##.#
.##.#)###.####..........
...<))g@..)....####.##..
###.#g###.###### #.##.#
# #........ ..##.#
######### ####.# #.#


You could see 2 gnolls.

Vanquished Creatures
  2 orc wizards (D:4)
  5 gnolls
  4 dart slugs
  4 orcs
  4 endoplasms
  4 giant cockroaches
  5 goblins
  6 hobgoblins
  A quokka (D:1)
  6 ball pythons
  4 bats
  3 kobolds
  7 rats
55 creatures vanquished.

Notes
Turn   | Place    | Note
-------+----------+-------------------------------------------
     0 | D:1      | qw the Minotaur Hexslinger began the quest for the Orb.
     0 | D:1      | Reached XP level 1. HP: 16/16 MP: 1/1
     0 | D:1      | 0 ||| qw: Version: 0.3-a-26-gee661ec
     0 | D:1      | 0 ||| qw: Game counter: 7187
     0 | D:1      | 0 ||| qw: Melee chars always use a shield: true
     0 | D:1      | 0 ||| qw: God list: Okawaru
     0 | D:1      | 0 ||| qw: Allow faded altars: false
     0 | D:1      | 0 ||| qw: Do Orc after clearing Dungeon:15 true
     0 | D:1      | 0 ||| qw: Do second Lair branch before Depths: true
     0 | D:1      | 0 ||| qw: Lair rune preference: random
     0 | D:1      | 0 ||| qw: Goals: Normal
     0 | D:1      | 0 ||| PLANNING D:1-11
    96 | D:1      | Reached skill level 3 in Ranged Weapons
   103 | D:1      | Reached XP level 2. HP: 23/23 MP: 2/2
   114 | D:1      | 114 ||| FLEEEEING.
   115 | D:1      | 115 ||| FLEEEEING.
   116 | D:1      | 116 ||| FLEEEEING.
   117 | D:1      | 117 ||| FLEEEEING.
   118 | D:1      | 118 ||| FLEEEEING.
   119 | D:1      | 119 ||| FLEEEEING.
   120 | D:1      | 120 ||| FLEEEEING.
   121 | D:1      | 121 ||| FLEEEEING.
   173 | D:1      | 173 ||| FLEEEEING.
   174 | D:1      | 174 ||| FLEEEEING.
   175 | D:1      | 175 ||| FLEEEEING.
   307 | D:1      | You fall into a shaft and drop 1 floor!
   333 | D:2      | 333 ||| UPGRADING to +0 cloak.
   338 | D:2      | 338 ||| READING scroll labelled ZYSOUCWYLECH.
   339 | D:2      | 339 ||| READING 3 scrolls labelled PAUNYZ PEH.
   340 | D:2      | 340 ||| READING scroll labelled OTODITE OVVALL.
   341 | D:2      | 341 ||| READING 2 scrolls of identify.
   341 | D:2      | 341 ||| IDENTIFYING bubbling purple potion
   342 | D:2      | 342 ||| DROPPING scroll of poison.
   343 | D:2      | 343 ||| DROPPING potion of lignification.
   379 | D:1      | Reached XP level 3. HP: 29/29 MP: 3/3
   516 | D:1      | 516 ||| UPGRADING to +0 pair of gloves.
   905 | D:2      | Found an iron altar of Okawaru.
   906 | D:2      | 906 ||| PLANNING OKAWARU WORSHIP
   906 | D:2      | 906 ||| UPGRADING to amulet of reflection.
   971 | D:2      | 971 ||| READING 2 scrolls of identify.
   971 | D:2      | 971 ||| IDENTIFYING white potion
   980 | D:2      | 980 ||| UPGRADING to +0 leather armour.
   990 | D:2      | 990 ||| DROPPING +0 robe.
   991 | D:2      | Became a worshipper of Warmaster Okawaru
   992 | D:2      | 992 ||| PLANNING D:1-11
  1206 | D:2      | 1206 ||| READING 2 scrolls of identify.
  1206 | D:2      | 1206 ||| IDENTIFYING fizzy golden potion
  1280 | D:3      | Found a glowing golden altar of the Shining One.
  1299 | D:3      | Reached skill level 4 in Ranged Weapons
  1686 | D:3      | Reached XP level 4. HP: 36/36 MP: 4/4
  1734 | D:3      | 1734 ||| UPGRADING to +0 ring mail.
  1744 | D:3      | 1744 ||| DROPPING +0 leather armour.
  1874 | D:4      | Reached skill level 1 in Armour
  1881 | D:4      | Reached skill level 5 in Ranged Weapons
  1884 | D:4      | Reached XP level 5. HP: 19/42 MP: 5/5
  1893 | D:4      | HP: 6/44 [gnoll/+0 spear (6)]
  1894 | D:4      | Reached skill level 3 in Fighting
  1895 | D:4      | HP: 2/45 [gnoll/+0 spear (4)]
  1896 | D:4      | Slain by a gnoll

Levels and vault maps discovered:
D:1:      dpeg_arrival_prison, layout_rooms
D:2:      layout_loops_ring, basic_altar, minmay_misc_feat_hallway
D:3:      wander_river, layout_rooms, mainiacjoe_overflow_small_starburst
D:4:      layout_loops_ring, mainiacjoe_overflow_brackets

Skill      XL: |  1  2  3  4  5 |
---------------+----------------+-----
Ranged Weapons | 3 4 5 |  5.2
Fighting       | 2 3 |  3.0
Armour         | 1 |  1.0
Dodging        | |  2.1
Spellcasting   | |  1.0
Hexes          | |  2.0

Action                     |  1- 3 |  4- 6 || total
---------------------------+-------+-------++-------
   Fire: Sling             |   162 |    43 ||   205
    Use: Scroll            |     6 |       ||     6
 Armour: Robe              |     4 |       ||     4
         Ring mail         |       |    13 ||    13
  Dodge: Dodged            |    26 |    17 ||    43
  Block: Other             |     6 |     9 ||    15

Table legend:
 A = Non-vault XP
 B = Vault XP
 C = Vault XP percentage of total XP
 D = Non-vault monster count
 E = Vault monster count
 F = Vault count percentage of total count
                 A         B        C        D         E       F
            +---------+---------+-------+---------+---------+-------
      Total |     227 |       2 |   0.9 |      54 |       1 |   1.8
            +---------+---------+-------+---------+---------+-------
        D:1 |      40 |       2 |   4.8 |      22 |       1 |   4.3
        D:2 |      18 |       0 |   0.0 |      12 |       0 |   0.0
        D:3 |      51 |       0 |   0.0 |       8 |       0 |   0.0
        D:4 |     118 |       0 |   0.0 |      12 |       0 |   0.0
            +---------+---------+-------+---------+---------+-------
